 Dungeon Sprint DCSS version 0.32-a0-433-g08bcfe7efd (webtiles) character file.

Game seed: 7043720191704488086

434 adelrune the Fighter (level 6, -1/66 HPs)
             Began as a Minotaur Fighter on Feb 22, 2024.
             Was an Initiate of Yredelemnul.
             Succumbed to Sonja's poison
             ... in the Dungeon (Sprint I: "Red Sonja").
             The game lasted 00:01:56 (374 turns).

adelrune the Fighter (Minotaur Fighter)              Turns: 374, Time: 00:01:57

Health: -1/66      AC:  8    Str: 23    XL:     6   Next: 67%
Magic:  5/5        EV: 10    Int:  5    God:    Yredelemnul [......]
Gold:   192        SH:  6    Dex:  9    Spells: 5/5 levels left

rFire   . . .        a - +0 war axe
rCold   . . .        c - +0 buckler
rNeg    . . .        b - +0 scale mail
rPois   .            (helmet restricted)
rElec   .            (no cloak)
rCorr   .            (no gloves)
SInv    .            (no boots)
Will    .....        (no amulet) Stlth
                     (no ring)
HPRegen 0.31/turn    (no ring)
MPRegen 0.09/turn

%: no teleportation
@: lethally poisoned (-1 -> -23), wreathed by umbra
A: horns 2, retaliatory headbutt
a: Renounce Religion, Light the Black Torch, Recall Undead Harvest


You were in the Dungeon.
You worshipped Yredelemnul.
Yredelemnul was noncommittal.
You visited 1 branch You collected 297 gold pieces.
You spent 105 gold pieces at shops.

Inventory:

Hand Weapons
 a - a +0 war axe (weapon)
Armour
 b - a +0 scale mail (worn)
 c - a +0 buckler (worn)
Wands
 d - a wand of flame (16)
 k - a wand of iceblast (4)
Scrolls
 j - a scroll of blinking
Potions
 g - a potion of haste
 h - 2 potions of magic
 l - a potion of mutation {unknown}


   Skills:
 + Level 9.9 Fighting
 + Level 8.2 Axes
 + Level 9.6 Armour
 + Level 1.0 Dodging
 + Level 9.3 Shields


You had 5 spell levels left.
You didn't know any spells.
Your spell library was empty.

Dungeon Overview and Level Annotations

Branches:
Dungeon (1/1)

Altars:
Cheibriados
Dithmenos
Elyvilon
Fedhas
Gozag
Hepliaklqana
Kikubaaqudgha
Nemelex Xobeh
Okawaru
Qazlal
Ru
Sif Muna
Trog
Uskayaw
Vehumet
Wu Jian
Yredelemnul
Zin
The Shining One

Shops:
D ?

Annotations:
D Sonja


Innate Abilities, Weirdness & Mutations

You have a pair of horns on your head.
You reflexively headbutt those who attack you in melee.


Message History

* * * LOW HITPOINT WARNING * * *
You feel extremely sick.
Sonja hits you with a +0 short sword of venom.
* * * LOW HITPOINT WARNING * * *
You are more poisoned.
Sonja hits you but does no damage.
You are more poisoned.
Sonja hits you but does no damage. Sonja closely misses you.
Sonja hits you but does no damage.
You are more poisoned.
Sonja hits you with a +0 short sword of venom.
* * * LOW HITPOINT WARNING * * *
You are more poisoned.
Unknown command.
You feel much better.
* * * LOW HITPOINT WARNING * * *
You feel extremely sick.
Sonja hits you with a +0 short sword of venom.
* * * LOW HITPOINT WARNING * * *
Sonja hits you with a +0 short sword of venom.
* * * LOW HITPOINT WARNING * * *
You block Sonja's attack.
You feel better.
Sonja hits you with a +0 short sword of venom.
* * * LOW HITPOINT WARNING * * *
You are poisoned.
Sonja hits you with a +0 short sword of venom.
* * * LOW HITPOINT WARNING * * *
You are lethally poisoned!
Sonja hits you with a +0 short sword of venom.
* * * LOW HITPOINT WARNING * * *
You are more poisoned.
Blink to where?
Press: ? - help, Dir - move target
As you read the scroll of blinking, it crumbles to dust.
* * * LOW HITPOINT WARNING * * *
You feel extremely sick.
Okay, then.
You die...
Your body rises from the dead as a mindless zombie.

################
#<.#..)..#..'..#
#..').#..').#..+
#..#####'#####'#
#..####..#...#@#
#..#__####..##)#
#..#_____##'#_.+
#⌠⌠#_.∩...†..._#
####_..__##_.#+#
#_____###K#
####### #§#
+$.$+ #$.$#


You could see Sonja.

Vanquished Creatures
  Sigmund (D)
  A yak (D)
  An ogre (D)
  A jelly (D)
  Ijyb (D)
5 creatures vanquished.

Notes
Turn   | Place    | Note
-------+----------+-------------------------------------------
     0 | D        | adelrune the Minotaur Fighter began the quest for the Orb.
     0 | D        | Reached XP level 1. HP: 19/19 MP: 0/0
     2 | D        | Noticed Ijyb
     9 | D        | Killed Ijyb
    10 | D        | Reached skill level 5 in Fighting
    10 | D        | Reached skill level 5 in Armour
    10 | D        | Reached skill level 5 in Shields
    10 | D        | Reached XP level 2. HP: 22/29 MP: 1/1
    39 | D        | Noticed an ogre
    43 | D        | Killed an ogre
    44 | D        | Reached skill level 5 in Axes
    44 | D        | Reached XP level 3. HP: 32/39 MP: 2/2
    44 | D        | Reached XP level 4. HP: 39/47 MP: 3/3
    77 | D        | Noticed Sigmund
    92 | D        | Killed Sigmund
    93 | D        | Reached XP level 5. HP: 43/56 MP: 4/4
   159 | D        | Found an ornate altar of the Wu Jian Council.
   159 | D        | Found a shimmering blue altar of Sif Muna.
   161 | D        | Found a radiant altar of Vehumet.
   165 | D        | Reached XP level 6. HP: 57/62 MP: 5/5
   197 | D        | Found Yfegunn's Magic Scroll Emporium.
   197 | D        | Found an ancient bone altar of Kikubaaqudgha.
   197 | D        | Found a hazy altar of Hepliaklqana.
   197 | D        | Found a stormy altar of Qazlal.
   197 | D        | Found a hide-covered altar of Uskayaw.
   197 | D        | Found a blossoming altar of Fedhas.
   197 | D        | Found a bloodstained altar of Trog.
   197 | D        | Found an iron altar of Okawaru.
   197 | D        | Found a basalt altar of Yredelemnul.
   197 | D        | Found a glowing golden altar of the Shining One.
   197 | D        | Found a snail-covered altar of Cheibriados.
   197 | D        | Found a sacrificial altar of Ru.
   197 | D        | Found a glowing silver altar of Zin.
   197 | D        | Found a shadowy altar of Dithmenos.
   197 | D        | Found a white marble altar of Elyvilon.
   197 | D        | Noticed a yak
   206 | D        | Killed a yak
   207 | D        | Reached skill level 1 in Dodging
   207 | D        | Found an opulent altar of Gozag.
   208 | D        | Found a sparkling altar of Nemelex Xobeh.
   212 | D        | Bought a scroll of blinking for 105 gold pieces
   355 | D        | Became a worshipper of Yredelemnul the Fallen
   365 | D        | Noticed Sonja
   370 | D        | HP: 3/66 [Sonja/+0 short sword of venom (3)]
   374 | D        | Succumbed to Sonja's poison

Illustrated notes

Levels and vault maps discovered:
D:        dungeon_sprint_1 [red_sonja_temple_1, red_sonja_temple_small_1]

Skill      XL: |  1  2  3  4  5  6 |
---------------+-------------------+-----
Fighting       | 5 7 8 9 |  9.9
Axes           | 3 5 6 7 8 |  8.2
Armour         | 5 6 8 9 |  9.6
Shields        | 5 6 8 9 |  9.3
Dodging        | 1 |  1.0

Action                     |  1- 3 |  4- 6 || total
---------------------------+-------+-------++-------
  Melee: War axe           |     9 |    21 ||    30
         Headbutt          |     2 |     4 ||     6
 Invoke: Light the Black T |       |     1 ||     1
    Use: Potion            |     1 |     3 ||     4
         Scroll            |       |     1 ||     1
 Armour: Scale mail        |     6 |    32 ||    38
  Dodge: Dodged            |     3 |    11 ||    14
  Block: Buckler           |     1 |     6 ||     7

Table legend: (Time is in decaauts)
 A = Elapsed time spent in this place.
 B = Non-inter-level travel time spent in this place.
 C = Inter-level travel time spent in this place.
 D = Time resting spent in this place.
 E = Time spent auto-exploring this place.
 F = Levels seen in this place.
 G = Mean time per level.
                   A        B        C        D        E       F      G
               +--------+--------+--------+--------+--------+-----+--------+
         Total |    395 |    395 |      0 |    233 |      0 |   1 |  395.0 |
       Dungeon |    395 |    395 |      0 |    233 |      0 |   1 |  395.0 |
               +--------+--------+--------+--------+--------+-----+--------+

Top non-repeatable levels by time:
       D: 395 daAuts
